 Dungeon Crawl Stone Soup version 0.28.0-47-ge53b351184 (webtiles) character file.

Game seed: 5407988473737686736

240 issech the Cudgeller (level 5, -6/53 HPs)
             Began as a Troll Monk on May 6, 2022.
             Splashed by a jelly's acid (9 damage)
             ... on level 4 of the Dungeon.
             The game lasted 00:09:12 (2812 turns).

issech the Cudgeller (Troll Monk)                   Turns: 2812, Time: 00:09:13

Health: -6/53      AC: -16   Str: 19    XL:     5   Next: 79%
Magic:  4/4        EV: 11    Int:  6    God:
Gold:   159        SH:  0    Dex: 14    Spells: 4/4 levels left

rFire   . . .      SeeInvis .   a - +0 mace
rCold   . . .      Faith    .   (no shield)
rNeg    + . .      Spirit   .   b - +0 robe
rPois   .          Reflect  .   (helmet restricted)
rElec   .          Harm     .   (no cloak)
rCorr   .          Rampage  .   (gloves unavailable)
Will    .....                   (boots unavailable)
Stlth   ++........              (no amulet)
HPRegen 0.97/turn               d - ring of flight
MPRegen 0.09/turn               f - ring of positive energy

@: corroded, flying
A: large, unfitting armour, claws 3, regeneration 1, shaggy fur 1, tough skin 1
a: no special abilities


You were on level 4 of the Dungeon.
You visited 1 branch of the dungeon, and saw 4 of its levels.

You collected 159 gold pieces.

Inventory:

Hand Weapons
 a - a +0 mace (weapon)
Missiles
 c - 45 arrows
 g - 48 bolts
 j - 61 stones (quivered)
 l - a throwing net
 s - 10 poisoned darts
Armour
 b - a +0 robe (worn)
Jewellery
 d - a ring of flight (left claw)
 f - a ring of positive energy (right claw)
 t - a ring of fire
Scrolls
 e - 2 scrolls of noise {unknown}
 h - 2 scrolls of identify {unknown}
 i - a scroll of summoning {unknown}
 n - 2 scrolls of fog {unknown}
 o - a scroll of enchant weapon {unknown}
 q - a scroll of blinking {unknown}
 r - 2 scrolls of teleportation {unknown}
Potions
 k - a potion of resistance {unknown}
 m - a potion of lignification {unknown}
 p - a potion of brilliance {unknown}


   Skills:
 + Level 3.3 Fighting
 + Level 4.4 Maces & Flails
 + Level 3.3 Dodging
 + Level 1.4 Stealth


You had 4 spell levels left.
You didn't know any spells.
Your spell library contained the following spells:

 Spells                   Type           Power      Damage    Failure   Level
 Apportation              Tloc           0%         N/A       45%         1
 Fulminant Prism          Conj/Hex       0%         3d6       99%         4
 Iskenderun's Mystic Bla  Conj/Tloc      0%         2d3       99%         4
 Leda's Liquefaction      Hex/Erth       0%         N/A       99%         4
 Lee's Rapid Deconstruct  Erth           0%         3d5*      100%        5
 Statue Form              Tmut/Erth      0%         N/A       100%        6
 Borgnjor's Revivificati  Necr           0%         N/A       100%        8
 Necromutation            Tmut/Necr      0%         N/A       100%        8
 Death's Door             Necr           0%         N/A       100%        9


Dungeon Overview and Level Annotations

Branches:
Dungeon (4/15)
 Temple: D:4-7

Altars:


Innate Abilities, Weirdness & Mutations

You are too large for most types of armour.
You have claws for hands.
Your natural rate of healing is unusually fast.
You are covered in fur. (AC +1)
You have tough skin. (AC +1)


Message History

The goblin barely misses you.
You barely miss the goblin. The goblin hits you with a +0 dagger.
You miss the goblin. The goblin misses you.
You sock the goblin!
You kill the goblin!
The quokka barely misses you.
You see here a +0 dagger.
You sock the quokka!
You kill the quokka!
g - 48 bolts (gained 15)
You reach down and open the door.
Found a stone staircase leading down.
Found a stone staircase leading down.
There is an open door here.
You reach down and open the door.
A jelly comes into view.
There is an open door here.
You hit the jelly. The acid corrodes you!
Your claws burn!
The jelly is moderately wounded.
The jelly hits you. The acid corrodes you!
You are splashed with acid!
You hit the jelly but do no damage.
Your claws burn!
The jelly is moderately wounded.
The jelly hits you. The acid corrodes you!
You are splashed with acid!
The jelly misses you.
You hit the jelly but do no damage.
Your claws burn!
The jelly is moderately wounded.
The jelly hits you. The acid corrodes you!
You are splashed with acid!
You hit the jelly but do no damage.
Your claws burn!
The jelly is moderately wounded.
The jelly hits you.
* * * LOW HITPOINT WARNING * * *
The acid corrodes you!
You are splashed with acid!
* * * LOW HITPOINT WARNING * * *
You hit the jelly but do no damage.
Your claws burn!
* * * LOW HITPOINT WARNING * * *
The jelly is moderately wounded.
The jelly hits you.
* * * LOW HITPOINT WARNING * * *
The acid corrodes you!
You are splashed with acid!
You die...

.............#
.............#
.............###
###.....##+###.#
#.....#>.....#
+.....#...>..#
#.....#......#
#.....#'####'#
#.........#.@#
#...).....#.J...#
#.........#.....#
#.........#.....#
#.........#.....+
#.........#..####
#.....########
#.....# #.....#


You could see a jelly.

Vanquished Creatures
  An orc priest (D:3)
  Jessica (D:3)
  A hound skeleton (D:3)
  10 adders
  A worm (D:2)
  A dart slug (D:1)
  10 orcs
  7 ball pythons
  4 bats
  5 endoplasms
  A giant cockroach (D:1)
  3 goblins
  4 hobgoblins
  3 jackals (D:2)
  5 kobolds
  3 quokkas
  3 frilled lizards
  7 rats
70 creatures vanquished.

Notes
Turn   | Place    | Note
-------+----------+-------------------------------------------
     0 | D:1      | issech the Troll Monk began the quest for the Orb.
     0 | D:1      | Reached XP level 1. HP: 22/22 MP: 0/0
     2 | D:1      | Noticed a tengu
     2 | D:1      | Noticed a spriggan
     4 | D:1      | Noticed a gargoyle
     6 | D:1      | Noticed an octopode
     8 | D:1      | Noticed a demonspawn
     8 | D:1      | Noticed a minotaur
    10 | D:1      | Noticed a ghoul
    12 | D:1      | Noticed a troll
    12 | D:1      | Noticed a vine stalker
    14 | D:1      | Noticed an elf
    14 | D:1      | Noticed a demigod
    16 | D:1      | Noticed a merfolk
    16 | D:1      | Noticed an ogre
    18 | D:1      | Noticed a vampire
    18 | D:1      | Noticed a naga
    20 | D:1      | Noticed a human
    20 | D:1      | Noticed a dwarf
    22 | D:1      | Noticed a felid
    24 | D:1      | Noticed a draconian
    24 | D:1      | Noticed a formicid
   186 | D:1      | Reached XP level 2. HP: 27/29 MP: 1/1
   288 | D:1      | Reached skill level 3 in Maces & Flails
   889 | D:2      | Reached XP level 3. HP: 36/36 MP: 2/2
  1524 | D:2      | Found a faded altar of an unknown god.
  1712 | D:3      | Reached XP level 4. HP: 24/45 MP: 3/3
  1754 | D:3      | Noticed Jessica
  1784 | D:3      | Killed Jessica
  1804 | D:3      | Got Jessica's Guide on the Traveller
  1945 | D:3      | Reached skill level 4 in Maces & Flails
  1945 | D:3      | Reached XP level 5. HP: 53/53 MP: 4/4
  2812 | D:4      | Splashed by a jelly's acid

Illustrated notes

Levels and vault maps discovered:
D:1:      kb_arrival_jail, layout_loops_ring
D:2:      layout_basic, shapermc_ecumenical_altar_petra
D:3:      kennysheep_big_flooded_room, layout_rooms, kennysheep_jessica_study
D:4:      layout_gridville, serial_shops, nicolae_shop_bloodbath_and_beyond,
          ebering_ghost_reflecting_pool, minmay_misc_feat_rows

Skill      XL: |  1  2  3  4 |
---------------+-------------+-----
Maces & Flails | 3 4 |  4.4
Fighting       | 3 |  3.3
Dodging        | 3 |  3.3
Stealth        | |  1.4

Action                   |  1- 3 |  4- 6 || total
-------------------------+-------+-------++-------
Melee: Mace              |   115 |   162 ||   277
       Punch             |     2 |     2 ||     4
Throw: Stone             |       |     2 ||     2
 Stab: Sleeping          |     5 |     1 ||     6
Armor: Robe              |    46 |    78 ||   124
Dodge: Dodged            |    60 |   113 ||   173
